 Dungeon Crawl Stone Soup version 0.28.0-53-g5a82cb258f (webtiles) character file.

Game seed: 4127041381407852665

63 Infernotoast the Grave Robber (level 3, -3/24 HPs)
             Began as a Mummy Necromancer on Aug 3, 2022.
             Slain by Terence
             ... wielding a +0 short sword
              (6 damage)
             ... on level 3 of the Dungeon.
             The game lasted 00:15:54 (1889 turns).

Infernotoast the Grave Robber (Mummy Necromancer)   Turns: 1889, Time: 00:15:55

Health: -3/24      AC:  3    Str: 11    XL:     3   Next: 87%
Magic:  0/8        EV: 12    Int: 16    God:
Gold:   60         SH:  0    Dex: 12    Spells: 4/9 levels left

rFire   x . .      SeeInvis .   c - +1 dagger (venom)
rCold   + . .      Faith    .   (no shield)
rNeg    + + +      Spirit   .   a - +0 robe
rPois   ∞          Reflect  .   (no helmet)
rElec   .          Harm     .   (no cloak)
rCorr   .          Rampage  .   g - +0 pair of gloves
Will    .....                   (no boots)
Stlth   ++........              (no amulet)
HPRegen 0.08/turn               (no ring)
MPRegen 0.11/turn               (no ring)

@: no status effects
A: cold resistance 1, negative energy resistance 3, torment resistance 2, heat
vulnerability 1, no potions
a: no special abilities


You were on level 3 of the Dungeon.
You visited 1 branch of the dungeon, and saw 3 of its levels.

You collected 60 gold pieces.

Inventory:

Hand Weapons
 c - a +1 dagger of venom (weapon)
Armour
 a - a +0 robe (worn)
 g - a +0 pair of gloves (worn)
Jewellery
 e - a ring of flight
Scrolls
 b - 3 scrolls of identify {unknown}
 d - a scroll of noise {unknown}
 f - 3 scrolls of magic mapping {unknown}


   Skills:
 - Level 1.9 Dodging
 - Level 2.0 Stealth
 + Level 3.8 Spellcasting
 + Level 4.6 Necromancy


You had 4 spell levels left.
You knew the following spells:

 Your Spells              Type           Power      Damage    Failure   Level
a - Pain                  Necr           68%        1d7       2%          1
b - Animate Skeleton      Necr           34%        N/A       2%          1
c - Vampiric Draining     Necr           17%        2d7       8%          3

Your spell library contained the following spells:

 Spells                   Type           Power      Damage    Failure   Level
 Animate Dead             Necr           8%         N/A       26%         4
 Agony                    Necr           17%        N/A       56%         5


Dungeon Overview and Level Annotations

Branches:
Dungeon (3/15)

Altars:
The Shining One

Annotations:
D:3 Terence


Innate Abilities, Weirdness & Mutations

You are immune to poison.
Your flesh is cold resistant. (rC+)
You are immune to negative energy. (rN+++)
You are immune to unholy pain and torment.
You are vulnerable to heat. (rF-)
You do not drink.


Message History

Aim: a dart slug (almost dead, chance to affect: 87%)
The dart slug writhes in agony.
Aiming: Pain (safe; 2% risk of failure)
Press: ? - help, Q - select action, (/) - cycle Shift-Dir - straight line, f/p - dart slug
Aim: a dart slug (almost dead, chance to affect: 87%)
The dart slug writhes in agony.
You kill the dart slug!
You hit Terence but do no damage.
Terence is poisoned.
Terence hits you with a +0 short sword.
You barely miss Terence.
Terence is lightly wounded.
Terence misses you. The orc closely misses you.
You closely miss Terence.
Terence is moderately wounded.
Terence misses you. The orc barely misses you.
You barely miss Terence.
Terence is moderately wounded.
Terence hits you with a +0 short sword. The orc hits you with a +0 falchion!
You hit Terence.
Terence is moderately wounded.
Terence closely misses you. The orc hits you with a +0 falchion.
Aiming: Pain (safe; 2% risk of failure)
Press: ? - help, Q - select action, (/) - cycle Shift-Dir - straight line, f - Terence
Aim: Terence, wielding a +0 short sword and wearing a +0 chain mail (heavily wounded, very poisoned, chance to affect: 81%) Terence barely resists.
Terence hits you with a +0 short sword.
* * * LOW HITPOINT WARNING * * *
The orc hits you with a +0 falchion.
* * * LOW HITPOINT WARNING * * *
Aiming: Pain (safe; 2% risk of failure)
Press: ? - help, Q - select action, (/) - cycle Shift-Dir - straight line, f/p - Terence
Aim: Terence, wielding a +0 short sword and wearing a +0 chain mail (heavily wounded, very poisoned, chance to affect: 81%) Terence barely resists.
Terence closely misses you. The orc misses you.
Aiming: Pain (safe; 2% risk of failure)
Press: ? - help, Q - select action, (/) - cycle Shift-Dir - straight line, f/p - Terence
Aim: Terence, wielding a +0 short sword and wearing a +0 chain mail (severely wounded, poisoned, chance to affect: 81%) Terence writhes in agony.
Terence hits you with a +0 short sword.
You die...

.# ### .... .. ..#
....##. #.##### .....#.
#.#...# .......
#.#...########
....)..##.......##...####
....#...#....>.!...#<....
..[.....†.......##...####
#......@@.#...#####.## #
#.###.#o###...# #.# # #
#.# ##.## #.# # #.# #.#
#.# # ..# #.# #.# # ...
..# #.# # #### .#


You could see Terence (poisoned) and an orc.

Vanquished Creatures
  An adder (D:2)
  2 dart slugs
  7 endoplasms
  2 giant cockroaches
  5 hobgoblins
  3 jackals (D:1)
  2 quokkas (D:1)
  7 ball pythons
  4 bats
  2 frilled lizards (D:1)
  3 goblins
  4 kobolds
  3 rats
45 creatures vanquished.

Vanquished Creatures (collateral kills)
  A rat (D:1)
1 creature vanquished.

Grand Total: 46 creatures vanquished

Notes
Turn   | Place    | Note
-------+----------+-------------------------------------------
     0 | D:1      | Infernotoast the Mummy Necromancer began the quest for the
                  | Orb.
     0 | D:1      | Reached XP level 1. HP: 13/13 MP: 4/4
    11 | D:1      | Learned a level 1 spell: Animate Skeleton
   292 | D:1      | Reached XP level 2. HP: 18/19 MP: 2/5
  1098 | D:1      | Reached XP level 3. HP: 24/24 MP: 5/7
  1695 | D:3      | Learned a level 3 spell: Vampiric Draining
  1874 | D:3      | Noticed Terence
  1889 | D:3      | Slain by Terence

Illustrated notes

Levels and vault maps discovered:
D:1:      kilobyte_arrival_exit_the_forest, layout_basic,
          minmay_misc_feat_columns
D:2:      layout_rooms, shapermc_ecumenical_altar_mp_ritualfount, basic_altar
D:3:      minmay_diamond_boxcup, layout_loops_ring, minmay_joined_circles,
          uniq_terence

Skill      XL: |  1  2 |
---------------+-------+-----
Spellcasting   | 3 |  3.8
Stealth        | 2 |  2.0
Dodging        | |  1.9
Necromancy     | |  4.6

Action                   || total
-------------------------++-------
Melee: Unarmed           ||     9
       Dagger            ||    29
       Punch             ||     1
 Cast: Pain              ||    72
       Animate Skeleton  ||     7
Armor: Robe              ||    15
Dodge: Dodged            ||    46
